 Dungeon Crawl Stone Soup version 0.30-a0-292-g0f741e3f8e (webtiles) character file.

Game seed: 17125250395952143095

134952 hikkokomori the Severer (level 16, -4/154 HPs)
             Began as a Minotaur Berserker on Oct 18, 2022.
             Was a High Priest of Trog.
             Slain by an alligator (11 damage)
             ... on level 3 of the Swamp.
             The game lasted 00:53:40 (27323 turns).

hikkokomori the Severer (Minotaur Berserker)       Turns: 27323, Time: 00:53:41

Health: -4/154     AC: 14    Str: 27    XL:     16   Next: 63%
Magic:  15/15      EV: 21    Int:  4    God:    Trog [*****.]
Gold:   2184       SH:  5    Dex: 13    Spells: 15/15 levels left

rFire   + + .      SeeInvis .    Q - +9 battleaxe (vorpal)
rCold   x . .      Faith    .    (shield currently unavailable)
rNeg    . . .      Spirit   .    a - +0 fire dragon scales
rPois   +          Reflect  +    U - +2 hat {Will+}
rElec   .          Harm     .    z - +0 cloak
rCorr   .          Rampage  +    N - +1 pair of gloves of Qoimp {+Blink rPois Stlth+}
Will    ++...                    F - +1 pair of boots {rampage}
Stlth   ++........               h - amulet of reflection
HPRegen 0.45/turn                Y - +4 ring of evasion
MPRegen 0.14/turn                w - +4 ring of slaying

@: corroded, on berserk cooldown, slowed, very slow
A: horns 2, retaliatory headbutt
a: Renounce Religion, Evoke Blink, Berserk, Trog's Hand, Brothers in Arms


You were on level 3 of the Swamp.
You worshipped Trog.
Trog was extremely pleased with you.
You visited 5 branches of the dungeon, and saw 26 of its levels.
You also visited: Volcano.

You collected 4114 gold pieces.
You spent 1930 gold pieces at shops.

Inventory:

Hand Weapons
 M - a +4 vorpal executioner's axe
 Q - a +9 vorpal battleaxe (weapon)
Missiles
 l - a throwing net (quivered)
 s - 2 silver javelins
 R - 13 javelins
Armour
 a - +0 fire dragon scales (worn)
 p - a +0 plate armour
 z - a +0 cloak (worn)
 F - a +1 pair of boots of rampaging (worn)
 N - the +1 pair of gloves of Qoimp (worn) {+Blink rPois Stlth+}
   (You acquired it on level 5 of the Dungeon)

   rPois:     It protects you from poison.
   +Blink:    It lets you blink.
   Stlth:     It makes you more stealthy.
 S - +0 ice dragon scales
 U - a +2 hat of willpower (worn)
Jewellery
 e - a ring of protection from cold
 h - an amulet of reflection (around neck)
 w - a +4 ring of slaying (right hand)
 H - a +6 ring of strength
 V - a ring of flight
 Y - a +4 ring of evasion (left hand)
Wands
 g - a wand of flame (26)
 u - a wand of mindburst (9)
 I - a wand of iceblast (14)
 K - a wand of digging (21)
 L - a wand of charming (19)
 T - a wand of polymorph (9)
 Z - a wand of light (8)
Scrolls
 b - 2 scrolls of butterflies
 c - 2 scrolls of summoning {unknown}
 i - 6 scrolls of poison
 j - 19 scrolls of teleportation
 n - 6 scrolls of blinking
 o - 5 scrolls of magic mapping
 q - 2 scrolls of enchant armour
 y - a scroll of torment
 C - 5 scrolls of fear
 E - 5 scrolls of brand weapon
 J - 3 scrolls of noise {unknown}
 O - 7 scrolls of immolation
 X - 2 scrolls of silence
Potions
 d - 12 potions of curing
 f - 5 potions of flight
 k - 3 potions of attraction
 m - 6 potions of resistance
 r - 9 potions of might
 t - 5 potions of berserk rage
 v - 8 potions of mutation
 x - a potion of magic
 A - 6 potions of haste
 B - a potion of lignification
 G - 5 potions of cancellation
 P - 8 potions of heal wounds
Miscellaneous
 D - a condenser vane
 W - a tin of tremorstones (2/2)


   Skills:
 - Level 16.8 Fighting
 + Level 17.6 Axes
 + Level 10.6 Throwing
 - Level 15.5 Armour
 + Level 15.2 Dodging
 + Level 4.2 Stealth
 - Level 7.3 Evocations


You had 15 spell levels left.
You didn't know any spells.
Your spell library was empty.

Dungeon Overview and Level Annotations

Branches:
Dungeon (15/15)            Temple (0/1) D:7            Lair (5/5) D:8
  Swamp (3/4) Lair:3       Spider (1/4) Lair:3        Slime (0/5) Lair:5
    Orc (2/2) D:12            Elf (0/3) Orc:2        Vaults (0/5) D:14
 Depths (0/4) D:15        Volcano (visited)

Altars:
Ashenzari
Cheibriados
Dithmenos
Fedhas
Kikubaaqudgha
Makhleb
Nemelex Xobeh
Sif Muna
Vehumet
Xom
Yredelemnul
The Shining One

Shops:
D:1 [   D:2 [   D:3 :   D:5 ?   Orc:2 =(:!


Innate Abilities, Weirdness & Mutations

You have a pair of horns on your head.
You reflexively headbutt those who attack you in melee.


Message History

Unknown command.
You feel a strong urge to attack something.
You are no longer berserk.
You are exhausted.
You feel yourself slow down. The alligator barely misses you.
You furiously retaliate!
You headbutt the alligator! You block the alligator's attack.
The alligator bites you. The alligator closely misses you.
You slice the alligator!!
The alligator is severely wounded.
The alligator bites you!!
* * * LOW HITPOINT WARNING * * *
You block the alligator's attack.
Unknown command.
You hit the alligator.
You headbutt the alligator, but do no damage.
The alligator is severely wounded.
The alligator bites you!!
* * * LOW HITPOINT WARNING * * *
The alligator tail-slaps you.
* * * LOW HITPOINT WARNING * * *
The alligator bites you!
* * * LOW HITPOINT WARNING * * *
The alligator completely misses you.
A bloated husk comes into view.
Blink to where?
Press: ? - help, Dir - move target
As you read the scroll of blinking, it crumbles to dust.
Okay, then.
Aiming: Iceblast
Press: ? - help, Shift-Dir - straight line, f - alligator
Aim: an alligator (severely wounded, covering ground quickly)
The mass of ice explodes!
The iceblast engulfs the alligator!
The alligator is almost dead.
You hear a roar!
You hear a hideous shriek!
Unknown command.
You feel much better. The alligator bites you!!
* * * LOW HITPOINT WARNING * * *
The alligator misses you. The alligator bites you!
You die...

# #~~~~~~~~~.~ ♣ #~..~.≈~.~.. ♣
♣..♣.~.§~... ♣ ♣~♣♣.~...~>~~~~ #
♣~~†.~....~.~~~ ♣ ♣§~.~♣..~~~..~~
♣#♣##♣♣#♣♣♣#♣##♣♣♣#.~.♣♣..~~~§.~~
.~~..~~.~.~~~~~~.~~~.♣♣ ♣§.~~~~.~
..~..♣♣♣♣♣...~~.@t...♣ ♣.~~~~~~
~.....~♣~♣.♣~~.~..♣.♣♣ ♣..†~~~.
.....~.†...~~.~~~~♣♣♣ ♣♣..†~.♣
♣~~~~~.♣.....§~♣♣†.♣♣♣♣ ♣..♣♣♣♣♣
♣♣.♣.♣♣♣♣...♣.~~§~~.~~♣♣♣♣<.♣
♣...♣♣ ♣♣.♣♣♣♣.~..♣♣♣...~~.♣
♣♣.♣♣ ♣~♣ ♣♣♣....♣.~~.~♣♣ ♣♣♣
♣♣♣~♣ ♣♣♣♣...~.♣♣♣ ♣♣..~♣♣
♣♣♣♣♣.♣


You could see an alligator (swift).

Vanquished Creatures
  Jorgrun (Orc:1)
  Rupert (Orc:2)
  Gastronok (D:9)
  Kirke (D:12)
  A fire giant (D:15)
  A ghost moth (Spider:1)
  An emperor scorpion (Spider:1)
  2 eleionomae
  A shambling mangrove (Swamp:2)
  A fire dragon (D:14)
  2 ice dragons
  Josephine (Spider:1)
  2 entropy weavers (Spider:1)
  Fannar (D:10)
  A catoblepas (D:15)
  10 hydras
  2 ogre magi (Orc:2)
  2 ghost crabs (Swamp:1)
  A radroach (Spider:1)
  2 boulder beetles
  4 centaur warriors
  2 tengu warriors (D:14)
  6 alligators
  11 death yaks
  15 two-headed ogres
  Urug (Orc:1)
  A hell knight (Volcano)
  Nergalle (Lair:1)
  4 goliath frogs
  An orb spider (Spider:1)
  Lodul (D:13)
  2 spriggan druids
  2 steelbarb worms (Spider:1)
  A salamander mystic (Volcano)
  2 deep trolls (Orc:2)
  A glowing orange brain (shapeshifter) (D:15)
  2 bog bodies (Swamp:1)
  A swamp dragon (Swamp:1)
  A harpy (shapeshifter) (D:15)
  2 orc knights
  2 deep elf pyromancers (D:15)
  2 wizards (D:14)
  11 ugly things
  Pikel (D:9)
  4 orc sorcerers
  4 wolf spiders (Spider:1)
  A will-o-the-wisp (Swamp:1)
  9 cyclopes
  2 manticores (D:12)
  6 salamanders (Volcano)
  2 moths of wrath (Spider:1)
  5 elephants (Lair:5)
  Joseph (D:10)
  3 black mambas
  2 gargoyles (D:12)
  6 komodo dragons
  18 cane toads
  2 unseen horrors
  A demonic crawler (Spider:1)
  4 rime drakes
  2 tengu conjurers (D:14)
  10 trolls
  7 tyrant leeches
  A polar bear (Lair:5)
  12 tarantellas
  6 hornets
  19 blink frogs
  10 slime creatures
  A shadow (D:10)
  3 spriggans
  6 jumping spiders
  5 wraiths
  6 culicivoras
  3 water elementals (D:15)
  52 yaks
  4 wyverns
  5 basilisks
  4 hogs (D:12)
  A yak (shapeshifter) (D:13)
  A steam dragon (Lair:1)
  18 redbacks
  35 vampire mosquitoes
  Menkaure (D:5)
  Edmund (D:5)
  8 wargs
  7 swamp worms
  4 acid dragons
  A naga (shapeshifter) (D:13)
  15 water moccasins
  3 ice beasts
  A sky beast (D:6)
  17 orc warriors
  3 swamp drakes
  2 black bears
  4 centaurs
  28 ogres
  3 wolves (Lair:2)
  A phantom (D:6)
  A lemure (D:9)
  4 kobold brigands
  2 gnoll sergeants
  15 bullfrogs
  A necrophage (D:6)
  A water moccasin zombie (D:5)
  5 scorpions
  11 wights
  14 killer bees
  4 howler monkeys
  4 electric eels
  2 crimson imps
  3 hounds
  9 orc priests
  A gnoll bouda (D:4)
  Jessica (D:2)
  Terence (D:3)
  3 iguanas
  31 orc wizards
  A hound zombie (D:5)
  14 gnolls
  5 adders
  A shadow imp (D:6)
  2 white imps
  A worm (D:3)
  2 dart slugs
  69 orcs
  10 ball pythons
  4 bats
  3 endoplasms
  4 giant cockroaches
  13 goblins
  7 hobgoblins
  A jackal (D:3)
  20 kobolds
  3 quokkas
  3 frilled lizards
  4 rats
772 creatures vanquished.

Vanquished Creatures (collateral kills)
  A slime creature (D:11)
  A troll (D:11)
2 creatures vanquished.

Vanquished Creatures (others)
  A bloated husk (Swamp:2)
  A human (D:12)
  An orc (Orc:1)
  6 foxfires (Swamp:1)
  28 fungi
  75 plants
112 creatures vanquished.

Grand Total: 886 creatures vanquished

Notes
Turn   | Place    | Note
-------+----------+-------------------------------------------
     0 | D:1      | hikkokomori the Minotaur Berserker began the quest for the
                  | Orb.
     0 | D:1      | Reached XP level 1. HP: 19/19 MP: 0/0
    98 | D:1      | Found Hyfajem's Antique Armour Emporium.
   122 | D:1      | Reached XP level 2. HP: 27/27 MP: 1/1
   813 | D:2      | Reached skill level 4 in Axes
   897 | D:2      | Found Joaput's Antique Armour Emporium.
  1182 | D:2      | Noticed Jessica
  1196 | D:2      | Killed Jessica
  1197 | D:2      | Reached XP level 3. HP: 26/33 MP: 2/2
  1444 | D:2      | Reached ** piety under Trog
  1445 | D:2      | Reached XP level 4. HP: 35/41 MP: 3/3
  1854 | D:3      | Found Velleipp's Book Boutique.
  1943 | D:3      | Found a glowing drain.
  2093 | D:3      | Noticed Terence
  2112 | D:3      | Killed Terence
  2247 | D:3      | Reached XP level 5. HP: 47/47 MP: 4/4
  2395 | D:3      | Reached skill level 5 in Fighting
  2483 | D:3      | Found a faded altar of an unknown god.
  2659 | D:4      | Reached skill level 5 in Axes
  2955 | D:4      | Reached XP level 6. HP: 40/56 MP: 5/5
  3050 | D:4      | Found an ancient bone altar of Kikubaaqudgha.
  3171 | D:4      | Reached *** piety under Trog
  3626 | D:5      | Entered Level 5 of the Dungeon
  3631 | D:5      | Noticed an ice beast
  3638 | D:5      | Noticed Edmund
  3641 | D:5      | Killed an ice beast
  3646 | D:5      | Reached skill level 6 in Axes
  3653 | D:5      | Killed Edmund
  3654 | D:5      | Reached XP level 7. HP: 56/64 MP: 6/6
  3737 | D:5      | Found a shimmering altar of Xom.
  3738 | D:5      | Found a shimmering altar of Xom.
  3739 | D:5      | Found a shimmering altar of Xom.
  3739 | D:5      | Found a shimmering altar of Xom.
  3740 | D:5      | Found a shimmering altar of Xom.
  3742 | D:5      | Found a shimmering altar of Xom.
  3743 | D:5      | Found a shimmering altar of Xom.
  3743 | D:5      | Found a shimmering altar of Xom.
  3802 | D:5      | Noticed Menkaure
  3809 | D:5      | Killed Menkaure
  4154 | D:5      | Reached skill level 7 in Axes
  4154 | D:5      | Reached skill level 5 in Armour
  4464 | D:5      | Found a basalt altar of Yredelemnul.
  4550 | D:5      | Found a burning altar of Makhleb.
  4550 | D:5      | Found a radiant altar of Vehumet.
  4557 | D:5      | Reached XP level 8. HP: 68/73 MP: 7/7
  4665 | D:5      | Found Ereq Sem's Magic Scroll Shoppe.
  4779 | D:1      | Bought a pair of glowing boots for 180 gold pieces
  4971 | D:6      | Reached skill level 5 in Dodging
  5085 | D:6      | Reached skill level 8 in Axes
  6051 | D:7      | Reached **** piety under Trog
  6067 | D:7      | Reached XP level 9. HP: 82/82 MP: 8/8
  6079 | D:7      | Reached skill level 9 in Axes
  6301 | D:7      | Found a staircase to the Ecumenical Temple.
  6624 | D:8      | Reached skill level 1 in Throwing
  6698 | D:8      | Reached skill level 10 in Fighting
  6709 | D:8      | Reached skill level 10 in Axes
  6925 | D:8      | Found a shadowy altar of Dithmenos.
  6992 | D:8      | Reached ***** piety under Trog
  6996 | D:8      | Reached XP level 10. HP: 79/93 MP: 9/9
  7319 | D:8      | Found a staircase to the Lair.
  7507 | D:9      | Received a gift from Trog
  7529 | D:9      | Found a broken altar of Ashenzari.
  7850 | D:9      | Found a blossoming altar of Fedhas.
  8071 | D:9      | Noticed Pikel
  8092 | D:9      | Killed Pikel
  8228 | D:9      | Noticed Gastronok
  8238 | D:9      | Killed Gastronok
  8239 | D:9      | Reached skill level 11 in Axes
  8283 | D:9      | Found a snail-covered altar of Cheibriados.
  8523 | D:10     | Entered Level 10 of the Dungeon
  8681 | D:10     | Found a glowing golden altar of the Shining One.
  8686 | D:10     | Noticed Fannar
  8698 | D:10     | Killed Fannar
  8699 | D:10     | Reached XP level 11. HP: 102/102 MP: 10/10
  8855 | D:10     | Reached skill level 5 in Throwing
  8900 | D:10     | Found a shimmering blue altar of Sif Muna.
  9129 | D:10     | Noticed Joseph
  9134 | D:10     | Noticed a two-headed ogre
  9137 | D:10     | Killed Joseph
  9141 | D:10     | Killed a two-headed ogre
  9801 | D:11     | Noticed a two-headed ogre
  9808 | D:11     | Reached skill level 12 in Axes
  9808 | D:11     | Reached skill level 10 in Armour
  9819 | D:11     | Killed a two-headed ogre
 11021 | D:12     | Found a staircase to the Orcish Mines.
 11023 | D:12     | Noticed a two-headed ogre
 11031 | D:12     | Killed a two-headed ogre
 11048 | D:12     | Noticed Kirke
 11050 | D:12     | Noticed a white ugly thing
 11056 | D:12     | Reached XP level 12. HP: 113/113 MP: 11/11
 11057 | D:12     | Noticed a sphinx
 11059 | D:12     | Killed Kirke
 11169 | D:12     | Reached skill level 10 in Dodging
 12068 | D:12     | Reached skill level 13 in Axes
 12187 | D:13     | Noticed a centaur warrior
 12190 | D:13     | Killed a centaur warrior
 12535 | D:13     | Noticed a centaur warrior
 12541 | D:13     | Killed a centaur warrior
 12773 | D:13     | Noticed Lodul
 12787 | D:13     | Killed Lodul
 12928 | D:13     | Found a sparkling altar of Nemelex Xobeh.
 13135 | D:13     | Noticed a two-headed ogre
 13139 | D:13     | Killed a two-headed ogre
 13140 | D:13     | Reached XP level 13. HP: 106/122 MP: 12/12
 13692 | D:14     | Received a gift from Trog
 13962 | D:14     | Identified a scroll of acquirement
 13963 | D:14     | Acquired 923 gold pieces
 13989 | D:14     | Noticed a fire dragon
 13996 | D:14     | Killed a fire dragon
 14044 | D:14     | Reached skill level 14 in Axes
 14371 | D:14     | Found a gate to the Vaults.
 14380 | D:14     | Identified the +1 ring mail of Qazlal's Delight {*Slow rN++
                  | Str+3}
 14915 | D:5      | Bought a scroll of acquirement for 728 gold pieces
 14915 | D:5      | Bought a scroll of blinking for 105 gold pieces
 14915 | D:5      | Bought a scroll of enchant weapon for 105 gold pieces
 14915 | D:5      | Bought a scroll of poison for 56 gold pieces
 14919 | D:5      | Acquired the +1 pair of gloves of Qoimp {+Blink rPois
                  | Stlth+}
 15259 | Lair:1   | Entered Level 1 of the Lair of Beasts
 15414 | Lair:1   | Reached skill level 1 in Evocations
 15619 | Lair:1   | Noticed Nergalle
 15626 | Lair:1   | Killed Nergalle
 16638 | Lair:2   | Reached XP level 14. HP: 110/133 MP: 13/13
 17399 | Lair:3   | Received a gift from Trog
 17923 | Lair:3   | Found a staircase to the Swamp.
 18054 | Lair:3   | Found a hole to the Spider Nest.
 18063 | Lair:3   | Reached skill level 15 in Fighting
 18087 | Spider:1 | Entered Level 1 of the Spider Nest
 18108 | Lair:3   | Reached skill level 15 in Axes
 18733 | Lair:4   | Found a dark tunnel.
 18773 | Volcano  | Entered a volcano
 18791 | Volcano  | Found a bloodstained altar of Trog.
 19577 | Lair:5   | Entered Level 5 of the Lair of Beasts
 19611 | Lair:5   | Received a gift from Trog
 20040 | Lair:5   | Found a staircase to the Slime Pits.
 20075 | Lair:5   | Reached skill level 5 in Evocations
 20266 | Lair:5   | Reached XP level 15. HP: 109/143 MP: 14/14
 21134 | Orc:1    | Entered Level 1 of the Orcish Mines
 21302 | Orc:1    | Noticed Jorgrun
 21305 | Orc:1    | Received a gift from Trog
 21315 | Orc:1    | Killed Jorgrun
 21574 | Orc:2    | Entered Level 2 of the Orcish Mines
 21579 | Orc:2    | Reached skill level 16 in Axes
 21715 | Orc:2    | Reached skill level 15 in Armour
 21718 | Orc:2    | Found Inu Xial's Jewellery Emporium.
 21956 | Orc:1    | Noticed Urug
 21959 | Orc:1    | Killed Urug
 22070 | Orc:2    | Found a staircase to the Elven Halls.
 22085 | Orc:2    | Found Jeddys's Book Shoppe.
 22093 | Orc:2    | Found Noamur's Distillery.
 22107 | Orc:2    | Found Wucujoq's Antique Weapon Shoppe.
 22123 | Orc:2    | Bought 2 potions of mutation for 224 gold pieces
 22123 | Orc:2    | Bought a potion of heal wounds for 70 gold pieces
 22123 | Orc:2    | Bought a potion of heal wounds for 70 gold pieces
 22123 | Orc:2    | Bought 2 potions of resistance for 280 gold pieces
 22123 | Orc:2    | Bought 2 potions of might for 112 gold pieces
 22172 | Orc:2    | Noticed Rupert
 22182 | Orc:2    | Killed Rupert
 22372 | Orc:2    | Received a gift from Trog
 23200 | Spider:1 | Noticed an emperor scorpion
 23208 | Spider:1 | Killed an emperor scorpion
 23285 | Spider:1 | Identified the +2 helmet of Qime {+Blink rPois Str+4 Dex+2}
 23415 | Spider:1 | Noticed Josephine
 23426 | Spider:1 | Killed Josephine
 23624 | Spider:1 | Reached XP level 16. HP: 144/154 MP: 15/15
 24099 | D:15     | Entered Level 15 of the Dungeon
 24247 | D:15     | Found a staircase to the Depths.
 24425 | D:15     | Reached skill level 1 in Stealth
 24473 | D:15     | Found an ancient bone altar of Kikubaaqudgha.
 24498 | D:15     | Received a gift from Trog
 25007 | D:15     | Reached skill level 17 in Axes
 25277 | Swamp:1  | Entered Level 1 of the Swamp
 25289 | Swamp:1  | Reached skill level 10 in Throwing
 26382 | Swamp:2  | Reached skill level 15 in Dodging
 27320 | Swamp:3  | HP: 6/154 [alligator (15)]
 27323 | Swamp:3  | Slain by an alligator

Illustrated notes

Levels and vault maps discovered:
D:1:      dpeg_arrival_rooms_a, layout_basic, serial_shops, shop
D:2:      layout_loops_ring, serial_shops, shop, uniq_jessica
D:3:      layout_basic, dreamdust_ecumenical_altar_hidden_monk_grotto,
          serial_shops, shop, portal_sewer_entry_b, minmay_joined_circles,
          uniq_terence
D:4:      layout_loops_corners, kennysheep_little_box
D:5:      layout_loops_ring, grunt_temple_overflow_lords_of_destruction,
          xom_redecorated, lemuel_zombie_altar_yredelemnul, serial_shops,
          shop_scrolls, uniq_edmund, uniq_menkaure
D:6:      layout_gridville, minmay_ogre_servants
D:7:      layout_rooms, minmay_temple_entry_junction
D:8:      layout_basic, nicolae_dithmenos_through_a_glass_darkly,
          grunt_lair_entry_orc_guard_hut, minmay_misc_feat_alley
D:9:      layout_stronghold, marbit_many_paths,
          mainiacjoe_overflow_small_starburst, lemuel_doored_altar, uniq_pikel,
          uniq_gastronok
D:10:     layout_roguey, mainiacjoe_overflow_paths, overflow_temple_1_default,
          nooodl_orcs_dogs, uniq_joseph, uniq_fannar
D:11:     minmay_weird_star, layout_loops_corners
D:12:     layout_cave_pools, minmay_orc_entry_temple_large, uniq_kirke
D:13:     layout_loops_ring, nemelex_lonely_heart_becter, uniq_lodul
D:14:     layout_long_grid, david_vaults_4, kennysheep_cross_bottleneck,
          lightli_wizard_tower
D:15:     grunt_enter_depths_giant_problem, layout_basic,
          kiku_gazebo_pond_becter, evilmike_minifort
Lair:1:   dragon1_lemuel, layout_regular_city, minmay_shattered_shrine,
          uniq_nergalle
Lair:2:   layout_loops_ring, grunt_megastairs_4, infiniplex_staircase_pool_2
Lair:3:   layout_cave_pods, swamp_mist, spider_nest_entry_funnel_web,
          nicolae_quartered_pool_medium, infiniplex_staircase_pool
Lair:4:   layout_misc_corridors, enter_volcano_1
Lair:5:   minmay_lair_end_frog_pond, layout_cave_shapes, slime_entry_1
Swamp:1:  layout_basic_swamp, evilmike_swamp_ruin_house_4
Swamp:2:  layout_basic_swamp, nicolae_swamp_bean_lake, swamp_pool2
Swamp:3:  nzn_winding_woodlands_small [nzn_winding_woodlands_5x15_parted,
          nzn_winding_woodlands_center_lodge, nzn_winding_woodlands_5x15_pool],
          layout_falls_marsh, evilmike_swamp_ruin_house_5
Spider:1: layout_spider_delve, uniq_josephine
Orc:1:    layout_caves, lightli_orcish_oven, uniq_urug, uniq_jorgrun
Orc:2:    st_orc_open, layout_caves, mines4_lemuel, uniq_rupert

Skill      XL: |  1  2  3  4  5  6  7  8  9 10 11 12 13 14 15 16 |
---------------+-------------------------------------------------+-----
Fighting       | 4 5 6 7 8 10 11 12 13 14 15 16 | 16.8
Axes           | 4 5 6 7 8 10 11 12 13 14 15 16 17 | 17.6
Armour         | 3 4 5 6 7 9 10 11 13 14 15 | 15.5
Dodging        | 3 4 5 6 8 9 10 12 13 14 15 | 15.2
Throwing       | 2 4 6 8 9 10 | 10.6
Evocations     | 2 5 7 |  7.3
Stealth        | 4 |  4.2

Action                   |  1- 3 |  4- 6 |  7- 9 | 10-12 | 13-15 | 16-18 || total
-------------------------+-------+-------+-------+-------+-------+-------++-------
Melee: Hand axe          |    50 |   143 |   287 |    28 |       |       ||   508
       Headbutt          |     5 |    17 |    61 |    82 |   170 |    47 ||   382
       Punch             |     1 |     1 |     4 |       |       |       ||     6
       Battleaxe         |       |       |       |   311 |   681 |   237 ||  1229
Throw: Javelin           |       |       |       |     4 |     3 |     5 ||    12
       Boomerang         |       |       |       |     1 |       |       ||     1
Invok: Berserk           |       |     2 |     1 |     6 |     6 |     4 ||    19
       Trog's Hand       |       |       |     1 |     3 |     4 |       ||     8
       Brothers in Arms  |       |       |       |     2 |       |       ||     2
Evoke: Wand              |       |       |       |       |     1 |     1 ||     2
       Piece from Xom's  |       |       |       |       |     2 |       ||     2
  Use: Scroll            |       |     7 |       |    12 |    10 |     6 ||    35
       Potion            |       |       |     1 |     3 |     3 |     3 ||    10
Armor: Animal skin       |     5 |       |       |       |       |       ||     5
       Plate armour      |     5 |    73 |   160 |   213 |   173 |       ||   624
       Ice dragon scales |       |       |       |       |   176 |    69 ||   245
       Fire dragon scale |       |       |       |       |     9 |    30 ||    39
Dodge: Dodged            |    27 |    49 |   112 |   221 |   543 |   205 ||  1157
Block: Other             |       |       |       |       |    29 |    56 ||    85
       Reflection        |       |       |       |       |       |     1 ||     1

Table legend: (Time is in decaauts)
 A = Elapsed time spent in this place.
 B = Non-inter-level travel time spent in this place.
 C = Inter-level travel time spent in this place.
 D = Time resting spent in this place.
 E = Time spent auto-exploring this place.
 F = Levels seen in this place.
 G = Mean time per level.
                   A        B        C        D        E       F      G
               +--------+--------+--------+--------+--------+-----+--------+
         Total |  27611 |  25310 |   2301 |   1211 |  20047 |  27 | 1022.6 |
       Dungeon |  16801 |  15180 |   1621 |    159 |  12814 |  15 | 1120.1 |
          Lair |   5932 |   5425 |    507 |    540 |   4058 |   5 | 1186.4 |
         Swamp |   2168 |   2097 |     71 |    210 |   1531 |   3 |  722.7 |
   Spider Nest |    944 |    891 |     53 |     40 |    609 |   1 |  944.0 |
  Orcish Mines |   1327 |   1279 |     48 |    222 |    808 |   2 |  663.5 |
       Volcano |    436 |    436 |      0 |     40 |    225 |   1 |  436.0 |
               +--------+--------+--------+--------+--------+-----+--------+

Top non-repeatable levels by time:
  Lair:3: 1889 daAuts
    D:11: 1723 daAuts
    D:14: 1451 daAuts
  Lair:5: 1418 daAuts
    D:13: 1290 daAuts
     D:5: 1266 daAuts
  Lair:1: 1245 daAuts
     D:6: 1236 daAuts
    D:12: 1162 daAuts
     D:4: 1125 daAuts
     D:9: 1123 daAuts
 Swamp:1: 1099 daAuts
    D:10: 1087 daAuts
    D:15: 1025 daAuts
     D:3: 976 daAuts
